 Dungeon Crawl Stone Soup version 0.32-a0-306-gfed3edf829 (webtiles) character file.

Game seed: 8154350501967360784

1132 timneilson the Ruffian (level 8, -12/54 HPs)
             Began as an Octopode Shapeshifter on Feb 14, 2024.
             Was an Initiate of Gozag.
             Mangled by a hornet (15 damage)
             ... on level 5 of the Dungeon.
             The game lasted 00:08:57 (3875 turns).

timneilson the Ruffian (Octopode Shapeshifter)      Turns: 3875, Time: 00:08:58

Health: -12/54     AC:  1    Str: 15    XL:     8   Next: 36%
Magic:  8/8        EV: 14    Int: 12    God:    Gozag
Gold:   272        SH:  0    Dex: 12    Spells: 7/7 levels left

rFire   . .          .
                       - Unarmed
rCold   . . .        (no shield)
rNeg    . . .        (helmet currently unavailable)
rPois   .            (no amulet)
rElec   .            s - ring of willpower
rCorr   .            (no ring)
SInv    .            (no ring)
Will    +....        (no ring)
Stlth   +++          (no ring)
HPRegen 0.29/turn    (no ring)
MPRegen 0.11/turn    (no ring)
                     (no ring)

%: no passive effects
@: lethally poisoned (-12 -> -18), beast-form, slowed, very slow
A: beast (slay +2), almost no armour, amphibious, 8 rings, camouflage 1,
gelatinous body 1, (nimble swimmer 1), tentacles
a: Begin Untransformation, Renounce Religion, Potion Petition, Call Merchant,
Bribe Branch


You were on level 5 of the Dungeon.
You worshipped Gozag.
Gozag was aware of your devotion.
You were a hulking beast.
You visited 2 branches of the dungeon, and saw 6 of its levels.
You also visited: Sewer.

You collected 391 gold pieces.
You paid 119 gold pieces to Gozag.

Inventory:

Missiles
 f - 5 poisoned darts (quivered)
 r - a throwing net
Jewellery
 s - a ring of willpower (left tentacle)
Talismans
 b - a beast talisman (active)
 c - a flux talisman
Wands
 k - a wand of flame (9)
Scrolls
 h - 2 scrolls of identify
 i - 3 scrolls of teleportation
 j - 2 scrolls of vulnerability
 m - a scroll of amnesia {unknown}
 o - a scroll of fear
Potions
 a - a potion of lignification
 d - a potion of enlightenment {unknown}
 e - a potion of curing
 g - 2 potions of attraction
 l - 3 potions of mutation
 q - 3 potions of haste
Miscellaneous
 t - a lightning rod (4/4)


   Skills:
 * Level 4.3 Fighting
 * Level 4.7 Dodging
 + Level 4.1 Stealth
 * Level 5.2 Unarmed Combat
 + Level 2.5 Evocations
 * Level 4.9 Shapeshifting


You had 7 spell levels left.
You didn't know any spells.
Your spell library contained the following spells:

 Spells                   Type           Power      Damage    Failure   Level
 Dazzling Flash           Conj/Hex       0%         N/A       69%         3
 Gell's Gravitas          Tloc           0%         N/A       69%         3
 Hailstorm                Conj/Ice       0%         3d5       69%         3
 Summon Ice Beast         Ice/Summ       0%         N/A       69%         3
 Teleport Other           Tloc           0%         N/A       69%         3
 Volatile Blastmotes      Fire/Tloc      0%         2d10      69%         3
 Dispersal                Tloc           0%         N/A       100%        6
 Sculpt Simulacrum        Ice/Alch       0%         N/A       100%        6
 Starburst                Conj/Fire      0%         6d3       100%        6
 Maxwell's Capacitive Co  Air            0%         ∞         100%        8


Dungeon Overview and Level Annotations

Branches:
Dungeon (5/15)             Temple (1/1) D:5           Sewer (visited)

Altars:
Ashenzari
Cheibriados
Dithmenos
Elyvilon
Gozag
Hepliaklqana
Kikubaaqudgha
Makhleb
Nemelex Xobeh
Okawaru
Qazlal
Ru
Sif Muna
Trog
Vehumet
Wu Jian
Xom
Yredelemnul
Zin
The Shining One


Innate Abilities, Weirdness & Mutations

You are a hulking beast.
Your limbs bulge with bestial killing power. (Slay +2)
You cannot wear most types of armour.
You are amphibious.
You can wear up to eight rings at the same time.
Your skin changes colour to match your surroundings (Stealth+).
Your rubbery body absorbs attacks. (AC +1, EV +1)
((You are camouflaged when in or above water. (Stealth+)))
You have tentacles for arms and can constrict up to eight enemies at once.


Message History

Unknown command.
Aiming: Throw Flame
Press: ? - help, Shift-Dir - straight line, f/p - hornet
Aim: a hornet (lightly wounded, 57% to hit)
The puff of flame hits the hornet.
The hornet is moderately wounded.
Aiming: Throw Flame
Press: ? - help, Shift-Dir - straight line, f/p - hornet
Aim: a hornet (moderately wounded, 57% to hit)
The puff of flame misses the hornet.
Aiming: Throw Flame
Press: ? - help, Shift-Dir - straight line, f/p - hornet
Aim: a hornet (moderately wounded, 57% to hit)
The puff of flame hits the hornet.
The hornet is moderately wounded.
You bludgeon the hornet! Your grab misses the hornet.
The hornet is severely wounded.
The hornet misses you.
You closely miss the hornet. Your grab misses the hornet.
The hornet is severely wounded.
The hornet stings you!
You are poisoned.
You feel yourself slow down.
You closely miss the hornet. Your grab misses the hornet.
You squeeze the hornet, but do no damage.
The hornet is severely wounded.
You feel very sick. The hornet stings you!
You feel as though you will be slow longer.
The hornet closely misses you.
You barely miss the hornet. Your grab misses the hornet.
Your squeeze misses the hornet.
The hornet is severely wounded.
You feel very sick. The hornet stings you!
* * * LOW HITPOINT WARNING * * *
You feel as though you will be slow longer.
The hornet barely misses you. The hornet stings you!
You die...
Your body crumbles into a pile of gold.

##
#..........# #
#.###......#
#.
#......#######
.
#....#.......#
#
#....#..###...
######..# .
#.(# ...
#..###..##.
##.hy......
##########


You could see a hornet.

Vanquished Creatures
  Sigmund (D:5)
  An ogre (D:4)
  A scorpion (D:5)
  2 bombardier beetles
  4 hounds
  3 jellies (D:4)
  Jessica (D:3)
  Terence (D:3)
  Natasha (thrice) (D:2)
  A hell rat (Sewer)
  10 gnolls
  2 river rats (Sewer)
  8 adders
  5 dart slugs
  3 ribbon worms
  6 orcs
  9 endoplasms
  2 goblins (D:4)
  12 hobgoblins
  12 jackals
  5 kobolds
  A quokka (D:3)
  7 ball pythons
  4 bats
  14 rats
118 creatures vanquished.

Vanquished Creatures (others)
  A hound (D:4)
  A hobgoblin (D:4)
  A kobold (D:4)
3 creatures vanquished.

Grand Total: 121 creatures vanquished

Notes
Turn   | Place    | Note
-------+----------+-------------------------------------------
     0 | D:1      | timneilson the Octopode Shapeshifter began the quest for
                  | the Orb.
     0 | D:1      | Reached XP level 1. HP: 13/13 MP: 1/1
   149 | D:1      | Reached XP level 2. HP: 12/18 MP: 2/2
   287 | D:1      | Reached skill level 1 in Stealth
   293 | D:1      | Reached XP level 3. HP: 16/23 MP: 3/3
   647 | D:2      | Found a faded altar of an unknown god.
   701 | D:2      | Noticed Natasha
   711 | D:2      | Killed Natasha
   712 | D:2      | Reached XP level 4. HP: 9/29 MP: 4/4
   726 | D:2      | Noticed Natasha
   735 | D:2      | Killed Natasha
   925 | D:2      | Reached XP level 5. HP: 34/34 MP: 5/5
  1039 | D:2      | Noticed Natasha
  1048 | D:2      | Killed Natasha
  1327 | D:3      | Identified the +2 helmet of the World {Will+ Regen+ Stlth-}
  1342 | D:3      | Noticed Terence
  1353 | D:3      | Killed Terence
  1354 | D:3      | Reached skill level 4 in Unarmed Combat
  1459 | D:3      | Reached XP level 6. HP: 37/41 MP: 6/6
  1504 | D:3      | Found a glowing drain.
  1532 | Sewer    | Entered a sewer
  1936 | D:3      | Reached skill level 1 in Evocations
  2018 | D:3      | Noticed Jessica
  2027 | D:3      | Killed Jessica
  2458 | D:4      | Found a shimmering blue altar of Sif Muna.
  2509 | D:4      | Reached XP level 7. HP: 46/46 MP: 7/7
  2511 | D:4      | Found a glowing silver altar of Zin.
  2955 | D:4      | Found a shimmering altar of Xom.
  3324 | D:5      | Entered Level 5 of the Dungeon
  3460 | D:5      | Reached XP level 8. HP: 50/54 MP: 8/8
  3477 | D:5      | Noticed Sigmund
  3482 | D:5      | Killed Sigmund
  3483 | D:5      | Reached skill level 5 in Unarmed Combat
  3621 | D:5      | Found a staircase to the Ecumenical Temple.
  3631 | Temple   | Entered the Ecumenical Temple
  3642 | Temple   | Became a worshipper of Gozag Ym Sagoz the Greedy
  3867 | D:5      | Noticed a hornet
  3875 | D:5      | Mangled by a hornet

Illustrated notes

Levels and vault maps discovered:
D:1:      lightli_arrival_noodles, layout_basic, minmay_hedge_maze
D:2:      layout_rooms, basic_ecumenical_altar, uniq_natasha
D:3:      layout_basic, portal_sewer_entry_d, minmay_checkerbox, uniq_terence,
          uniq_jessica
D:4:      wad_pebble_path, layout_basic, lemuel_blue_sif_altar,
          mainiacjoe_overflow_alcove_4, xom_confusion_cloud
D:5:      layout_basic, minmay_temple_entry_butterflies,
          nicolae_nh_oracle_at_delphi, uniq_sigmund
Temple:   nicolae_temple_bog_church

Skill      XL: |  1  2  3  4  5  6  7  8 |
---------------+-------------------------+-----
Stealth        | 1 2 3 4 |  4.1
Fighting       | 2 3 4 |  4.3
Dodging        | 3 4 |  4.7
Unarmed Combat | 4 5 |  5.2
Shapeshifting  | 4 |  4.9
Evocations     | 1 2 |  2.5

Action                     |  1- 3 |  4- 6 |  7- 9 || total
---------------------------+-------+-------+-------++-------
  Melee: Unarmed           |    54 |   125 |    75 ||   254
         Constrict         |    15 |    30 |    19 ||    64
         Tentacles         |    12 |    17 |    19 ||    48
         Punch             |     2 |     6 |     4 ||    12
  Throw: Dart              |       |     5 |     5 ||    10
  Evoke: Wand              |       |       |     9 ||     9
    Use: Scroll            |     2 |     9 |     1 ||    12
         Potion            |       |     1 |       ||     1
   Stab: Sleeping          |     2 |    10 |     6 ||    18
 Armour: Skin              |    23 |    46 |    29 ||    98
  Dodge: Dodged            |    41 |    62 |    32 ||   135

Table legend: (Time is in decaauts)
 A = Elapsed time spent in this place.
 B = Non-inter-level travel time spent in this place.
 C = Inter-level travel time spent in this place.
 D = Time resting spent in this place.
 E = Time spent auto-exploring this place.
 F = Levels seen in this place.
 G = Mean time per level.
                   A        B        C        D        E       F      G
               +--------+--------+--------+--------+--------+-----+--------+
         Total |   3855 |   3735 |    120 |    503 |   2161 |   7 |  550.7 |
       Dungeon |   3626 |   3516 |    110 |    379 |   2139 |   5 |  725.2 |
        Temple |     22 |     12 |     10 |      0 |      0 |   1 |   22.0 |
         Sewer |    206 |    206 |      0 |    124 |     22 |   1 |  206.0 |
               +--------+--------+--------+--------+--------+-----+--------+

Top non-repeatable levels by time:
     D:4: 912 daAuts
     D:3: 866 daAuts
     D:2: 842 daAuts
     D:5: 526 daAuts
     D:1: 477 daAuts
   Sewer: 206 daAuts
  Temple: 22 daAuts
